 Dungeon Crawl Stone Soup version 0.29-a0-275-g389c0b56f3 (webtiles) character file.

Game seed: 15664806260495164102

41 spaghetti the Skirmisher (level 3, -2/99 HPs)
             Began as an Ogre Chaos Knight on Mar 12, 2022.
             Was a Follower of Trog.
             Splashed by a jelly's acid (8 damage)
             ... on level 1 of the Abyss.
             The game lasted 00:03:31 (1679 turns).

spaghetti the Skirmisher (Ogre Chaos Knight)        Turns: 1679, Time: 00:03:32

Health: -2/99      AC: 13    Str: 16 (18) XL:     3   Next: 52%
Magic:  3/3        EV:  1    Int: 11 (13) God:    Trog [*.....]
Gold:   99         SH:  0    Dex:  1 (8)  Spells: 2/2 levels left

rFire   . . .      SeeInvis .   a - +1 spear (chaos) {polearm}
rCold   . . .      Faith    .   (no shield)
rNeg    . . .      Spirit   .   (body armour currently unavailable)
rPois   +          Reflect  .   (helmet currently unavailable)
rElec   .          Harm     .   (cloak currently unavailable)
rCorr   .          Rampage  .   (gloves unavailable)
Will    .....      NoTele   +   (boots unavailable)
Stlth   ..........              p - amulet of regeneration {@e2}
HPRegen 1.06/turn               (no ring)
MPRegen 0.08/turn               (no ring)

@: berserking, tree-form, corroded, very quick
A: stationary, stasis, torment immunity, boosted hp, large, unfitting armour,
(tough skin 1), sense surroundings 1, wild magic 1
a: Renounce Religion, Berserk


You were on level 1 of the Abyss.
You worshipped Trog.
Trog was aware of your devotion.
You were a tree.
You visited 1 branch of the dungeon, and saw 2 of its levels.
You visited the Abyss 1 time.

You collected 99 gold pieces.


Innate Abilities, Weirdness & Mutations

You are a tree.
Your roots penetrate the ground, keeping you stationary.
You cannot be teleported.
You are immune to unholy pain and torment.
Your maximum health is greatly increased.
Your equipment is partially melded.
You are too large for most types of armour.
((You have tough skin. (AC +1)))
You passively map a small area around you.
Your spells are a little harder to cast, but a little more powerful.


   Skills:
 + Level 5.8 Fighting
 - Level 3.0 Polearms
 * Level 0.4 Throwing
 - Level 2.1 Dodging


You had 2 spell levels left.
You didn't know any spells.
Your spell library was empty.

Inventory:

Hand Weapons
 a - a +1 spear of chaos (weapon) {polearm}
Missiles
 d - 55 stones (quivered) {throwing}
 g - 5 atropa-tipped darts {throwing}
 i - 6 poisoned darts {throwing}
 l - 3 javelins {throwing}
Armour
 b - a +2 robe (melded)
Jewellery
 m - a ring of protection from cold
   (You found it on level 2 of the Dungeon)
 p - an amulet of regeneration (around neck) {@e2}
   (You found it on level 2 of the Dungeon)
Scrolls
 o - a scroll of teleportation {@r4}
Potions
 e - a potion of curing {@q1}
 j - a potion of haste {unknown}
 k - a potion of ambrosia {unknown}
Miscellaneous
 c - a piece from Xom's chessboard (7/15)

Dungeon Overview and Level Annotations

Branches:
Dungeon (2/15)

Altars:
Trog

Shops:
D:2

? # ##.# #...#
# . ## #
...#####.#.#
.............#
#....####. ##
#......#..##
#......# #...#
###..#.....#
....#
#.♣####...###..
## ###{# ##.##
#.##
#..###...## .
#.####.#.... #.
. .............
. .
###.#...#.....#
...#..###...##
... ..## # #
#.#...... ..#


There were no monsters in sight!


Message History

o - a scroll of teleportation {@r4} You now have 99 gold pieces (gained 14).
You open the door.
There is an open door here.
p - an amulet of regeneration {@e2} A kobold comes into view.
It is wielding a +0 short sword.
The kobold shouts!
A kobold is nearby!
You start putting on your amulet.
You continue putting on your amulet of regeneration {@e2}. x5
You finish putting on your amulet of regeneration {@e2}.
The amulet throbs as it attunes itself to your uninjured body.
p - an amulet of regeneration (around neck) {@e2}
Okay, then.
You closely miss the kobold. Your kick misses the kobold.
The kobold hits you with a +0 short sword. 😕 HP[-1]
You take 1 damage, and now have 38/39 hp.
You hit the kobold.
You kill the kobold!
Trog accepts your kill.
An endoplasm comes into view.
Your piece from Xom's chessboard (7/15) has regained one charge. 😎 HP[+1]
Your hp is fully restored (39).
As you read the scroll labelled FUTWIU BEMUNT, it crumbles to dust.
It is a scroll of enchant armour.
You aren't carrying any armour which can be enchanted further.
You throw a stone {throwing}.
The stone {throwing} hits the endoplasm but does no damage.
You throw a stone {throwing}.
The stone {throwing} hits the endoplasm but does no damage.
You throw a stone {throwing}.
The stone {throwing} hits the endoplasm.
You throw a stone {throwing}.
The stone {throwing} hits the endoplasm but does no damage.
You reach to attack!
You barely miss the endoplasm. You hit the endoplasm.
You kill the endoplasm!
Trog accepts your kill.
Things that are here:
a +0 short sword {short}; a kobold corpse
d - 52 stones {throwing} (gained 1) Xom's power brushes against you for a moment.
Your body is suffused with distortional energy.
Your talons dull and shrink into feet.
You feel robust.
You now have 44 max hp (+5).
Unknown command.
Unknown command.
d - 53 stones {throwing} (gained 1)
d - 54 stones {throwing} (gained 1)
d - 55 stones {throwing} (gained 1) Key pressed, stopping explore.
The world seems to spin as Xom's maniacal laughter rings in your ears.
This branch contains the abyssal rune of Zot.
The divine experience drains your vigour!
You feel yourself slow down. 😎 HP[+5]
Your hp is fully restored (44).
A jelly comes into view.
The jelly quivers.
You feel yourself speed up. The jelly hits you but does no damage.
The jelly attacks as you move away! The jelly hits you. The acid corrodes you!
You are splashed with acid! 😮 HP[-11]
You take 11 damage, and now have 33/44 hp.
MASSIVE DAMAGE!! (PAUSE)
You hit the jelly.
The jelly flickers and vanishes!
Deactivating autopickup; reactivate with Ctrl-A.
Your hands burn!
Something hits you.
You are splashed with acid!
* * * LOW HITPOINT WARNING * * *
😨 HP[-16]
You take 16 damage, and now have 17/44 hp.
MASSIVE DAMAGE!! (PAUSE) It was a potion of degeneration.
There was something very wrong with that liquid.
You feel weakened.
You feel dopey.
You feel clumsy. Something hits you.
* * * LOW HITPOINT WARNING * * *
The acid corrodes you!
You are splashed with acid!
* * * LOW HITPOINT WARNING * * *
😱 HP[-8]
You take 8 damage, and now have 9/44 hp.
Unknown command.
It was a potion of lignification.
You turn into a tree.
Your +2 robe melds into your body.
Your roots penetrate the ground.
Something hits you.
* * * LOW HITPOINT WARNING * * *
You are splashed with acid!
* * * LOW HITPOINT WARNING * * *
😱 HP[-5]
You now have 66 max hp (+22).
Unknown command.
A red film seems to cover your vision as you go berserk!
You feel yourself moving faster!
You feel mighty! Something hits you.
* * * LOW HITPOINT WARNING * * *
The acid corrodes you!
You are splashed with acid!
You die...
Xom titters!

Skill      XL: |  1  2 |
---------------+-------+-----
Fighting       | 5 |  5.8
Polearms       | |  3.0
Throwing       | |  0.4
Dodging        | |  2.1

Action                   || total
-------------------------++-------
Melee: Spear             ||   128
       Kick              ||     8
Throw: Stone             ||    17
Invok: Berserk           ||     1
Evoke: Piece from Xom's  ||    10
  Use: Scroll            ||     5
       Potion            ||     2
 Stab: Petrifying        ||     1
       Paralysed         ||     1
       Sleeping          ||     1
Armor: Robe              ||    80
Dodge: Dodged            ||    66

Levels and vault maps discovered:
D:1:      arrival_aquarium_a, layout_loops_ring, basic_ecumenical_altar,
          serial_bayou, serial_bayou_lagoon_b, serial_bayou_lagoon_a,
          serial_bayou_pond_b, serial_bayou_shore_a, chequers_garden,
          nrook_mini_vaults, hangedman_decor_growths
D:2:      layout_basic, serial_shops, nicolae_shop_statue_plus, uniq_robin
Abyss:1:  base:
D:1

Notes
Turn   | Place    | Note
-------+----------+-------------------------------------------
     0 | D:1      | spaghetti the Ogre Chaos Knight began the quest for the
                  | Orb.
     0 | D:1      | Reached XP level 1. HP: 24/24 MP: 1/1
     0 | D:1      | magus.rc [v1.9.6]
     1 | D:1      | Noticed an electric eel
   149 | D:1      | XOM: scenery: summon butterflies
   181 | D:1      | Reached XP level 2. HP: 24/33 MP: 2/2
   339 | D:1      | XOM: give mutations
   339 | D:1      | Gained mutation: You have sharp toenails. [Xom's grace]
   339 | D:1      | Gained mutation: You passively map a small area around you.
                  | [Xom's grace]
   395 | D:1      | XOM: destruction
   457 | D:1      | Found a faded altar of an unknown god.
   512 | D:1      | Prayed at the altar of an unknown god.
   512 | D:1      | Fell from the grace of Xom
   512 | D:1      | Became a worshipper of Trog the Wrathful
   512 | D:1      | Reached * piety under Trog
   533 | D:1      | Reached skill level 5 in Fighting
   830 | D:1      | Reached XP level 3. HP: 42/42 MP: 3/3
   977 | D:1      | XOM: give mutations
   977 | D:1      | Gained mutation: You are frail. (-10% HP) [Xom's mischief]
   977 | D:1      | Gained mutation: Your spells are a little harder to cast,
                  | but a little more powerful. [Xom's mischief]
  1001 | D:1      | XOM: noise
  1056 | D:1      | XOM: summons 1 hostile demon
  1487 | D:2      | Found Korch's Magic Scroll Shop.
  1617 | D:2      | XOM: give mutations
  1617 | D:2      | Lost mutation: You have sharp toenails. [Xom's mischief]
  1617 | D:2      | Lost mutation: You are frail. (-10% HP) [Xom's mischief]
  1657 | D:2      | Cast into level 1 of the Abyss (Xom)
  1677 | Abyss:1  | HP: 9/44 [acid (7)]
  1678 | Abyss:1  | HP: 4/66 [acid (8)]
  1679 | Abyss:1  | Splashed by a jelly's acid

Vanquished Creatures
  5 ball pythons (D:1)
  5 endoplasms
  A giant cockroach (D:1)
  5 goblins (D:1)
  4 hobgoblins (D:1)
  6 bats
  4 frilled lizards
  2 kobolds
  5 rats
37 creatures vanquished.

Vanquished Creatures (collateral kills)
  A bat (D:1)
1 creature vanquished.

Vanquished Creatures (others)
  20 plants (D:1)
20 creatures vanquished.

Grand Total: 58 creatures vanquished

Table legend:
 A = Non-vault XP
 B = Vault XP
 C = Vault XP percentage of total XP
 D = Non-vault monster count
 E = Vault monster count
 F = Vault count percentage of total count
                 A         B        C        D         E       F
            +---------+---------+-------+---------+---------+-------
      Total |      53 |       6 |  10.2 |      34 |       4 |  10.5
            +---------+---------+-------+---------+---------+-------
        D:1 |      47 |       6 |  11.3 |      29 |       4 |  12.1
        D:2 |       6 |       0 |   0.0 |       5 |       0 |   0.0
            +---------+---------+-------+---------+---------+-------

Illustrated notes

Table legend:
 A = Kills in this place as a percentage of kills in entire the game.
 B = Kills by you in this place as a percentage of kills by you in the entire game.
 C = Kills by friends in this place as a percentage of kills by friends in the entire game.
 D = Other kills in this place as a percentage of other kills in the entire game.
 E = Experience gained in this place as a percentage of experience gained in the entire game.
 F = Experience gained in this place divided by the number of levels of this place that you have seen.
                   A       B       C       D       E      F
               +-------+-------+-------+-------+-------+----------------------
         Total | 100.0 | 100.0 | 100.0 |   N/A | 100.0 |  19.7
       Dungeon | 100.0 | 100.0 | 100.0 |   N/A | 100.0 |  29.5
               +-------+-------+-------+-------+-------+----------------------

Table legend: (Time is in decaauts)
 A = Elapsed time spent in this place.
 B = Non-inter-level travel time spent in this place.
 C = Inter-level travel time spent in this place.
 D = Time resting spent in this place.
 E = Time spent auto-exploring this place.
 F = Levels seen in this place.
 G = Mean time per level.
                   A        B        C        D        E       F      G
               +--------+--------+--------+--------+--------+-----+--------+
         Total |   1728 |   1685 |     43 |    259 |   1083 |   3 |  576.0 |
       Dungeon |   1698 |   1655 |     43 |    259 |   1083 |   2 |  849.0 |
         Abyss |     30 |     30 |      0 |      0 |      0 |   1 |   30.0 |
               +--------+--------+--------+--------+--------+-----+--------+

Top non-repeatable levels by time:
     D:1: 1400 daAuts
     D:2: 298 daAuts
 Abyss:1: 30 daAuts
